 Dungeon Crawl Stone Soup version 0.25-a0-108-gda8bd6cf83 (webtiles) character file.

Game seed: 18235450186386270376, levelgen mode: deterministic

227497 Napalmbreeze the Impaler (level 19, -3/159 HPs)
             Began as a Formicid Monk on Nov 13, 2019.
             Was a High Priest of Yredelemnul.
             Killed from afar by a servant of whispers (19 damage)
             ... with a bolt of lightning
             ... in the Desolation of Salt on Nov 17, 2019.
             The game lasted 01:55:11 (41388 turns).

Napalmbreeze the Impaler (Formicid Monk)           Turns: 41388, Time: 01:55:11

Health: -3/159     AC: 45    Str: 25    XL:     19   Next: 64%
Magic:  12/28      EV: 15    Int: 12    God:    Yredelemnul [*****.]
Gold:   2171       SH: 21    Dex: 15    Spells: 18/18 levels left

rFire    + . .     SeeInvis +   D - +3 glaive (protect)
rCold    + + .     Gourm    .   b - +0 large shield {rC+}
rNeg     . . .     Faith    +   O - +17 plate armour of the Devil {Dex+2}
rPois    +         Spirit   .   (helmet unavailable)
rElec    .         Reflect  .   H - scarf {rC+ rF+}
rCorr    .         Harm     .   d - +0 pair of gloves
MR       ++...                  y - +1 pair of boots
Stlth    ..........             K - amulet of faith
HPRegen  0.36/turn              T - ring of Vera Geu {rPois MR+ Str-2 SInv}
MPRegen  0.21/turn              m - +5 ring of evasion

@: mighty, protection aura
A: permanent stasis, dig shafts and tunnels, four strong arms, antennae 3
}: 2/15 runes: decaying, serpentine
a: Dig, Shaft Self, Recall Undead Slaves, Injury Mirror, Animate Dead, Drain
Life, Enslave Soul, Renounce Religion


You were in the Desolation of Salt.
You worshipped Yredelemnul.
Yredelemnul was extremely pleased with you.
You were near starving.

You visited 7 branches of the dungeon, and saw 34 of its levels.
You also visited: Gauntlet, Ice Cave and Desolation.

You collected 2717 gold pieces.
You spent 546 gold pieces at shops.

Inventory:

Hand Weapons
 B - a +2 spear of flaming
 D - a +3 glaive of protection (weapon)
 I - a +2 antimagic halberd
Armour
 b - a +0 large shield of cold resistance (worn)
 d - a +0 pair of gloves (worn)
 y - a +1 pair of boots (worn)
 H - a scarf of resistance (worn)
 O - the +17 plate armour of the Devil (worn) {Dex+2}
   (You found it on level 2 of the Lair of Beasts)

   It affects your dexterity (+2).
Jewellery
 m - a +5 ring of evasion (right hand)
 o - an uncursed ring of fire
 v - an uncursed ring of flight
 K - an amulet of faith (around neck)
 T - the ring of Vera Geu (left hand) {rPois MR+ Str-2 SInv}
   (You found it on level 3 of the Lair of Beasts)

   [ring of strength]

   It affects your strength (-2).
   It protects you from poison.
   It affects your resistance to hostile enchantments.
   It lets you see invisible.
Wands
 g - a wand of acid (3)
 q - a wand of digging (10)
 u - a wand of disintegration (13)
 C - a wand of clouds (6)
 P - a wand of iceblast (21)
Scrolls
 e - 14 scrolls of remove curse
 f - 8 scrolls of enchant armour
 i - 5 scrolls of magic mapping
 k - 2 scrolls of enchant weapon
 x - 4 scrolls of immolation
 A - 5 scrolls of fog
 L - a scroll of fear
 W - 2 scrolls of summoning
 X - a scroll of torment
Potions
 a - 5 potions of lignification
 j - 8 potions of flight
 l - 2 potions of brilliance
 p - 3 potions of resistance
 r - a potion of magic
 s - 2 potions of cancellation
 t - 6 potions of might
 z - 3 potions of invisibility
 E - a potion of mutation
 F - 3 potions of ambrosia
 G - 8 potions of curing
 M - 5 potions of agility
Comestibles
 c - 33 rations
 J - 4 chunks of flesh


   Skills:
 + Level 16.4 Fighting
 + Level 19.3 Polearms
 - Level 15.0 Armour
 - Level 4.5 Dodging
 - Level 2.4 Stealth
 - Level 15.0 Shields
 - Level 13.0 Invocations


You had 18 spell levels left.
You didn't know any spells.
Your spell library contained the following spells:

 Spells                   Type           Power        Failure   Level  Hunger
 Animate Skeleton         Necr           N/A          94%         1    ##.....
 Apportation              Tloc           #.....       94%         1    ##.....
 Confusing Touch          Hex            #.....       94%         1    ##.....
 Infusion                 Chrm           #...         94%         1    ##.....
 Magic Dart               Conj           #...         94%         1    ##.....
 Pain                     Necr           #...         94%         1    ##.....
 Sting                    Conj/Pois      #...         94%         1    ##.....
 Summon Butterflies       Summ           #.......     94%         1    ##.....
 Summon Small Mammal      Summ           #...         94%         1    ##.....
 Call Imp                 Summ           #.......     98%         2    ###....
 Corpse Rot               Necr           N/A          98%         2    ###....
 Poisonous Vapours        Pois/Air       #.....       98%         2    ###....
 Shroud of Golubria       Chrm/Tloc      #.....       98%         2    ###....
 Slow                     Hex            #.......     98%         2    ###....
 Song of Slaying          Chrm           #.......     98%         2    ###....
 Call Canine Familiar     Summ           #.......     100%        3    ####...
 Confuse                  Hex            #.......     100%        3    ####...
 Conjure Flame            Conj/Fire      #.......     100%        3    ####...
 Gell's Gravitas          Tloc           #.........   100%        3    ####...
 Lesser Beckoning         Tloc           #.........   100%        3    ####...
 Mephitic Cloud           Conj/Pois/Air  #.......     100%        3    ####...
 Recall                   Summ/Tloc      N/A          100%        3    ####...
 Regeneration             Chrm/Necr      #.........   100%        3    ####...
 Spectral Weapon          Hex/Chrm       #.......     100%        3    ####...
 Stone Arrow              Conj/Erth      #.....       100%        3    ####...
 Summon Guardian Golem    Hex/Summ       #.......     100%        3    ####...
 Tukima's Dance           Hex            #.......     100%        3    ####...
 Vampiric Draining        Necr           #.........   100%        3    ####...
 Animate Dead             Necr           N/A          100%        4    #####..
 Leda's Liquefaction      Hex/Erth       #.........   100%        4    #####..
 Olgreb's Toxic Radiance  Pois           #.......     100%        4    #####..
 Petrify                  Tmut/Erth      #.......     100%        4    #####..
 Summon Ice Beast         Ice/Summ       #.......     100%        4    #####..
 Summon Lightning Spire   Summ/Air       #.......     100%        4    #####..
 Alistair's Intoxication  Tmut/Pois      #.......     100%        5    ######.
 Aura of Abjuration       Summ           #.........   100%        5    ######.
 Bolt of Magma            Conj/Fire/Erth #.........   100%        5    ######.
 Metabolic Englaciation   Hex/Ice        #.........   100%        5    ######.
 Summon Demon             Summ           #.........   100%        5    ######.
 Summon Forest            Summ/Tloc      #.........   100%        5    ######.
 Summon Mana Viper        Hex/Summ       #.......     100%        5    ######.
 Venom Bolt               Conj/Pois      #.........   100%        5    ######.
 Yara's Violent Unravell  Hex/Tmut       #.........   100%        5    ######.
 Hydra Form               Tmut           #.........   100%        6    #######
 Invisibility             Hex            #.......     100%        6    #######
 Iron Shot                Conj/Erth      #.........   100%        6    #######
 Shadow Creatures         Summ           N/A          100%        6    #######
 Statue Form              Tmut/Erth      #........    100%        6    #######
 Summon Hydra             Summ           #.........   100%        7    #######
 Shatter                  Erth           #.........   100%        9    #######
 Blink                    Tloc           Unusable     N/A         2    N/A

Dungeon Overview and Level Annotations

Branches:
Dungeon (15/15)            Temple (1/1) D:7            Lair (6/6) D:10
  Swamp (4/4) Lair:3        Snake (4/4) Lair:2        Slime (0/5) Lair:6
    Orc (2/2) D:10            Elf (2/3) Orc:2        Vaults (0/5) D:14
 Depths (0/5) D:15          IceCv (visited)         Desolation (1/1)
Gauntlet (visited)

Altars:
Ashenzari
Cheibriados
Dithmenos
Elyvilon
Fedhas
Gozag
Hepliaklqana
Kikubaaqudgha
Makhleb
Nemelex Xobeh
Okawaru
Qazlal
Ru
Sif Muna
Trog
Uskayaw
Vehumet
Wu Jian
Xom
Yredelemnul
Zin
The Shining One
Beogh
Jiyva

Shops:
D:13 %   Orc:2 }?![   Elf:1 [   Snake:1 (

Annotations:
D:3 Sigmund
D:5 exclusion: downstairs
Snake:3 2 transporters
Elf:2 3 runed translucent doors


Innate Abilities, Weirdness & Mutations

You cannot be hasted, slowed, berserked, paralysed or teleported.
You can dig through walls and to a lower floor.
Your four strong arms can wield two-handed weapons with a shield.
You have a pair of large antennae on your head. (SInv)


Message History

You slash the saltling!
The saltling is severely damaged.
You block the peacekeeper's attack. x2; The saltling hits you!
* * * LOW HITPOINT WARNING * * *
You block the peacekeeper's attack.
The peacekeeper claws you but does no damage.
Unknown command.
Unknown command.
You feel better.
The saltling no longer looks unusually strong.
You block the servant of whispers's attack.
You block the saltling's attack. The peacekeeper bites you.
* * * LOW HITPOINT WARNING * * *
You block the peacekeeper's attack.
Your skeletal warrior hits the peacekeeper but does no damage.
You feel better. You block the peacekeeper's attack. x2
The servant of whispers mumbles some strange prayers to its god against you.
The bolt of lightning hits you!!
You die...
Your body rises from the dead as a mindless zombie.

..#.......
.................
..................
......................#.
........§...............
........................
#....§§§................
[....§z§.)...#..........
#....§8@)...##..........
##...§§8)...#...........
##..p............∩.....
#.....................
#...............∩.....
......#................
......##................
......................#.
.....................


You could see a servant of whispers, a peacekeeper, a saltling and a friendly
skeletal warrior.

Vanquished Creatures
  Frances (D:12)
  Donald (Elf:1)
  A thorn hunter (Swamp:2)
  A nagaraja (Snake:4)
  A frost giant (IceCv)
  2 very ugly things (Swamp:4)
  Azrael (D:15)
  A dire elephant (D:15)
  A minotaur (Gauntlet)
  4 slime creatures (Swamp:4)
  2 deep elf death magi (Elf:1)
  A crystal guardian (Desolation)
  A ragged hierophant (Desolation)
  A deep elf high priest (Elf:2)
  A death ooze (Swamp:4)
  5 hydras
  5 anacondas
  3 centaur warriors
  5 ghost crabs
  A hell beast (Swamp:4)
  3 naga warriors
  2 ogre magi
  A peacekeeper (Desolation)
  A catoblepas (Lair:6)
  A shambling mangrove (Swamp:1)
  9 dancing weapons
  2 two-headed ogres
  2 alligators
  A death yak (Lair:6)
  5 shock serpents
  3 naga sharpshooters (Snake:1)
  12 deep elf knights
  A salamander mystic (Snake:3)
  A fire crab (Gauntlet)
  A sea snake (Snake:2)
  2 unseen horrors
  3 spriggan druids
  2 naga ritualists
  A swamp dragon (Swamp:2)
  6 deep elf archers
  An ironbrand convoker (Desolation)
  A wizard (D:14)
  An orc knight (Orc:2)
  A necromancer (Gauntlet)
  A wolf spider zombie (D:15)
  24 deep elf magi
  3 mana vipers
  2 oklob plants
  3 orc sorcerers (Orc:2)
  2 cyclopes (D:11)
  14 ugly things
  A manticore (D:15)
  14 black mambas
  An elephant (Lair:6)
  6 naga magi
  A molten gargoyle (Desolation)
  3 guardian serpents (Snake:4)
  2 salamanders
  5 apocalypse crabs (Swamp:2)
  A torpor snail (Lair:6)
  2 gargoyles
  8 spiny frogs
  Psyche (D:9)
  A centaur skeleton (D:13)
  A rime drake (Lair:6)
  An orange demon (Swamp:4)
  An efreet (D:13)
  5 komodo dragons
  11 polar bears
  4 tyrant leeches
  3 bog bodies
  Prince Ribbit (Temple)
  A troll (D:15)
  9 saltlings (Desolation)
  Grinder (D:4)
  3 hornets
  4 hippogriffs
  6 blink frogs
  5 dream sheep
  4 shadows
  2 wyverns
  A spriggan (Swamp:1)
  3 air elementals (Elf:1)
  4 fire elementals
  A wraith (D:12)
  A vampire (D:14)
  A human (D:12)
  A basilisk (D:13)
  2 hogs (D:12)
  23 yaks
  Eustachio (D:5)
  3 fire bats (Gauntlet)
  10 vampire mosquitoes
  Menkaure (D:4)
  2 hungry ghosts (D:15)
  An acid dragon (Gauntlet)
  16 nagas
  An insubstantial wisp (Swamp:4)
  8 swamp worms
  3 wargs (Orc:2)
  3 porcupines
  8 water moccasins
  2 hell hounds (D:15)
  9 orc warriors
  A floating eye (Lair:4)
  6 swamp drakes
  2 phantoms
  11 ice beasts
  5 ogres
  6 sky beasts
  3 black bears
  3 necrophages (Swamp:3)
  An eye of draining (D:6)
  20 wolves
  14 centaurs
  8 crocodiles
  A big kobold (D:9)
  Blork the orc (D:4)
  11 bullfrogs
  A gnoll sergeant (D:7)
  An earth elemental (Elf:2)
  7 scorpions
  2 killer bees (D:9)
  4 wights
  3 electric eels
  A howler monkey (D:6)
  5 crimson imps
  A bullfrog zombie (D:10)
  2 jellies
  14 orc priests
  3 bullfrog skeletons
  8 hounds
  Crazy Yiuf (D:4)
  Ijyb (D:3)
  3 iguanas
  24 orc wizards
  5 hell rats (Lair:2)
  7 worker ants
  3 worker ant zombies
  10 adders
  3 gnolls (D:7)
  A shadow imp (D:7)
  An ooze (D:1)
  An adder zombie (D:5)
  2 worms
  2 dart slugs (D:1)
  5 leopard geckos
  67 orcs
  2 ball pythons (D:1)
  12 bats
  7 giant cockroaches
  5 goblins
  3 hobgoblins
  15 jackals
  7 quokkas
  4 frilled lizards
  2 jackal skeletons
  A jackal zombie (D:5)
  28 kobolds
  A leopard gecko zombie (D:7)
  A quokka skeleton (D:5)
  12 rats
  A fungus (Lair:3)
746 creatures vanquished.

Vanquished Creatures (collateral kills)
  Nikola (Swamp:2)
  A tentacled monstrosity (Swamp:4)
  Rupert (Lair:5)
  10 nagarajas
  An angel (Elf:2)
  Nessos (Lair:6)
  A deep elf annihilator (Elf:1)
  2 green deaths (Swamp:4)
  The ghost of astraldaughter the Transmogrifier, a journeyman TrTm of Cheibriados (Lair:2)
  Erolcha (Orc:2)
  12 hydras
  7 naga warriors
  2 shambling mangroves
  3 ghost crabs
  A catoblepas (Lair:6)
  A centaur warrior (D:15)
  A dancing weapon (Elf:2)
  3 two-headed ogres
  A death knight (D:12)
  16 anacondas
  2 alligators
  2 death yaks (Lair:6)
  2 tengu warriors
  A thrashing horror (Swamp:4)
  10 naga sharpshooters
  A deep elf knight (Elf:1)
  7 shock serpents
  4 salamander mystics
  6 swamp dragons
  2 sea snakes (Snake:2)
  4 naga ritualists
  3 deep elf archers
  A lindwurm (Lair:6)
  A large abomination (Swamp:4)
  7 deep elf magi
  5 orc sorcerers (Orc:2)
  2 oklob plants (Lair:4)
  4 mana vipers
  15 salamanders
  7 slime creatures
  7 ugly things
  5 elephants
  3 cyclopes
  2 manticores (Lair:6)
  3 centaur zombies
  11 guardian serpents (Snake:4)
  16 black mambas
  13 spiny frogs
  15 naga magi
  An ice statue (IceCv)
  An orange demon (Swamp:4)
  An efreet (D:13)
  A torpor snail (Lair:6)
  4 rime drakes
  8 komodo dragons
  5 polar bears
  A troll (D:10)
  2 tengu conjurers
  5 tyrant leeches
  A jumping spider (shapeshifter) (D:14)
  7 hornets
  4 dream sheep
  19 blink frogs
  A meliai zombie (D:13)
  5 bog bodies
  2 hippogriffs
  3 spriggans (Swamp:1)
  A wraith (D:12)
  A shadow (Swamp:4)
  A small abomination (Swamp:4)
  A water elemental (Elf:2)
  A vampire (D:13)
  2 hogs (D:12)
  A wyvern (Lair:5)
  18 yaks
  A basilisk (Lair:6)
  9 vampire mosquitoes
  31 nagas
  A warg (Orc:2)
  4 insubstantial wisps (Swamp:4)
  8 swamp worms
  An acid dragon (D:10)
  2 water moccasins
  2 hell hounds (D:15)
  3 porcupines
  5 orc warriors
  4 ice beasts
  2 ogres
  A phantom (D:13)
  3 swamp drakes
  A black bear (D:7)
  3 sky beasts
  12 wolves
  4 necrophages (Swamp:3)
  4 centaurs
  3 big kobolds
  5 crocodiles
  6 bullfrogs
  4 wights (D:12)
  4 killer bees (D:9)
  13 electric eels
  2 crimson imps
  A hound (D:11)
  2 orc priests
  4 centaur skeletons
  11 orc wizards
  An iguana (D:10)
  7 hell rats
  A worker ant (D:10)
  A hound skeleton (D:10)
  A gnoll (D:7)
  An adder (D:12)
  A shadow imp (D:13)
  An adder zombie (D:7)
  29 orcs
  7 kobolds
  5 bushes
  A butterfly (Lair:5)
  24 fungi
  19 plants
580 creatures vanquished.

Vanquished Creatures (others)
  A profane servitor (Snake:4)
  A bone dragon (Swamp:4)
  A nagaraja (Snake:4)
  2 ghouls
  4 vampire knights
  A hell beast (Swamp:4)
  An anaconda (Snake:4)
  3 skeletal warriors
  6 flayed ghosts
  2 spriggan druids (Swamp:2)
  4 phantasmal warriors
  A shock serpent zombie (Snake:1)
  2 swamp worm zombies
  A hydra zombie (Swamp:2)
  A ghoul skeleton (Elf:1)
  A tyrant leech (Swamp:1)
  A guardian serpent zombie (Snake:4)
  12 flying skulls
  2 wraiths (Lair:3)
  12 elf zombies (Elf:1)
  4 vampires
  2 spiny frog zombies
  A hell hound (D:15)
  An orc warrior (D:14)
  2 hornet zombies (Swamp:1)
  A swamp dragon zombie (Swamp:2)
  3 blink frog zombies (Lair:6)
  A vampire mosquito zombie (D:14)
  A dream sheep skeleton (Lair:6)
  A rime drake zombie (Lair:6)
  A wyvern zombie (D:8)
  2 hell hound zombies (D:15)
  2 polar bear zombies (IceCv)
  A spriggan zombie (Swamp:1)
  3 yak zombies
  2 warg skeletons (Orc:2)
  A polar bear skeleton (IceCv)
  A yak skeleton (D:8)
  2 wights
  A troll skeleton (Swamp:2)
  4 wolf zombies
  2 centaur zombies (D:14)
  4 centaur skeletons
  9 naga zombies
  A sky beast zombie (D:8)
  An ogre skeleton (D:13)
  A hound zombie (D:10)
  A mummy (Lair:6)
  2 hell rat zombies
  A worker ant zombie (D:7)
  A swamp drake zombie (Swamp:2)
  An electric eel zombie (Lair:6)
  An orc skeleton (D:14)
  5 orc zombies (Orc:2)
  4 fungi
  7 plants
  11 withered plants (Gauntlet)
148 creatures vanquished.

Grand Total: 1474 creatures vanquished

Notes
Turn   | Place    | Note
-------+----------+-------------------------------------------
     0 | D:1      | Napalmbreeze the Formicid Monk began the quest for the Orb.
     0 | D:1      | Reached XP level 1. HP: 18/18 MP: 1/1
   118 | D:1      | Reached XP level 2. HP: 24/24 MP: 2/2
   213 | D:1      | Reached skill level 1 in Armour
   213 | D:1      | Reached XP level 3. HP: 30/30 MP: 3/3
  1131 | D:2      | Reached XP level 4. HP: 37/37 MP: 4/4
  1647 | D:3      | Noticed Sigmund
  1704 | D:3      | Noticed Ijyb
  1782 | D:3      | Killed Ijyb
  1889 | D:3      | Reached XP level 5. HP: 27/43 MP: 5/5
  2974 | D:4      | Noticed Menkaure
  3160 | D:4      | Killed Menkaure
  3160 | D:4      | Reached skill level 5 in Fighting
  3160 | D:4      | Reached skill level 4 in Polearms
  3160 | D:4      | Reached XP level 6. HP: 26/51 MP: 6/6
  3341 | D:4      | Noticed a sky beast
  3444 | D:4      | Found a shadowy altar of Dithmenos.
  3529 | D:4      | Found a blossoming altar of Fedhas.
  3536 | D:4      | Noticed Grinder
  3577 | D:4      | Killed Grinder
  3577 | D:4      | Reached XP level 7. HP: 21/56 MP: 7/7
  3881 | D:4      | Noticed Blork the orc
  3896 | D:4      | Killed Blork the orc
  4317 | D:4      | Reached skill level 5 in Armour
  4397 | D:4      | Found a runed translucent door.
  4398 | D:4      | Noticed Crazy Yiuf
  4419 | D:4      | Killed Crazy Yiuf
  4738 | D:5      | Entered Level 5 of the Dungeon
  4759 | D:5      | Reached XP level 8. HP: 60/63 MP: 8/8
  5619 | D:5      | Reached skill level 5 in Polearms
  5853 | D:5      | Noticed Eustachio
  5888 | D:5      | Killed Eustachio
  6445 | D:6      | Noticed a troll
  6497 | D:6      | Found a sparkling altar of Nemelex Xobeh.
  6497 | D:6      | Found a shattered altar of Ashenzari.
  6710 | D:6      | Reached skill level 6 in Polearms
  6719 | D:6      | a troll changed into an eye of draining
  6730 | D:6      | Reached XP level 9. HP: 38/72 MP: 0/9
  7099 | D:7      | Noticed Prince Ribbit
  7150 | D:7      | Found a staircase to the Ecumenical Temple.
  7156 | Temple   | Entered the Ecumenical Temple
  7168 | Temple   | Became a worshipper of Yredelemnul the Dark
  7168 | Temple   | Reached * piety under Yredelemnul
  7168 | Temple   | Reached ** piety under Yredelemnul
  8003 | Temple   | Killed Prince Ribbit
  8003 | Temple   | Reached skill level 7 in Polearms
  8252 | D:7      | Reached skill level 8 in Polearms
  8265 | D:7      | Reached skill level 1 in Invocations
  8269 | D:7      | You fall into a shaft and drop 1 floor!
  9166 | D:7      | Reached skill level 5 in Invocations
  9294 | D:7      | Upgraded the game from 0.25-a0-98-g0cf78c2f83 to
                  | 0.25-a0-100-g33052ceff8
 10180 | D:8      | Reached skill level 1 in Shields
 10271 | D:8      | Reached XP level 10. HP: 79/79 MP: 14/14
 10702 | D:8      | Found a shimmering altar of Xom.
 10705 | D:8      | Found a sacrificial altar of Ru.
 10708 | D:8      | Found a snail-covered altar of Cheibriados.
 11696 | D:9      | Found an opulent altar of Gozag.
 11935 | D:9      | Reached skill level 9 in Polearms
 12467 | D:9      | Noticed Psyche
 12480 | D:9      | Killed Psyche
 12549 | D:9      | Reached *** piety under Yredelemnul
 12651 | D:10     | Entered Level 10 of the Dungeon
 12685 | D:10     | Noticed a two-headed ogre
 12748 | D:8      | Killed a two-headed ogre
 12748 | D:8      | Reached XP level 11. HP: 41/89 MP: 15/17
 13599 | D:10     | Received a gift from Yredelemnul (a mummy)
 13746 | D:10     | Reached skill level 10 in Polearms
 13777 | D:10     | Found a staircase to the Orcish Mines.
 13784 | D:10     | Received a gift from Yredelemnul (3 flying skulls)
 13800 | D:10     | Reached skill level 10 in Fighting
 13828 | D:10     | Reached **** piety under Yredelemnul
 13850 | D:10     | Received a gift from Yredelemnul (a wight)
 13926 | D:10     | Reached skill level 10 in Invocations
 14032 | D:10     | Received a gift from Yredelemnul (a wraith)
 14435 | D:10     | Found a staircase to the Lair.
 14612 | D:10     | Received a gift from Yredelemnul (a wight)
 14951 | Lair:1   | Entered Level 1 of the Lair of Beasts
 15113 | Lair:1   | Found a frozen archway.
 15146 | Lair:1   | Reached skill level 11 in Polearms
 15161 | Lair:1   | Reached XP level 12. HP: 100/100 MP: 19/19
 15201 | IceCv    | Entered an ice cave
 15494 | IceCv    | Reached ***** piety under Yredelemnul
 16239 | IceCv    | Received a gift from Yredelemnul (2 flying skulls)
 16584 | IceCv    | Reached skill level 12 in Polearms
 16654 | IceCv    | Noticed a frost giant
 16686 | IceCv    | Received a gift from Yredelemnul (a vampire)
 16744 | IceCv    | Killed a frost giant
 17340 | Lair:1   | Noticed a seven-headed hydra
 17350 | Lair:1   | Killed a seven-headed hydra
 17350 | Lair:1   | Reached skill level 13 in Polearms
 17392 | Lair:1   | Received a gift from Yredelemnul (3 flying skulls)
 17938 | Lair:2   | Received a gift from Yredelemnul (a skeletal warrior)
 18078 | Lair:2   | Reached XP level 13. HP: 39/108 MP: 20/20
 18538 | Lair:2   | Reached skill level 5 in Shields
 18645 | Lair:2   | Received a gift from Yredelemnul (a wraith)
 18864 | Lair:2   | Found a runed translucent door.
 18870 | Lair:2   | Noticed astraldaughter's ghost (journeyman TrTm)
 18983 | Lair:2   | Killed astraldaughter's ghost
 18993 | Lair:2   | Got a bloodstained plate armour
 19006 | Lair:2   | Identified the +17 plate armour of the Devil {Dex+2} (You
                  | found it on level 2 of the Lair of Beasts)
 19050 | Lair:2   | Found a staircase to the Snake Pit.
 19402 | Lair:3   | Found a gate leading to a gauntlet.
 19405 | Lair:3   | Noticed an eight-headed hydra
 19417 | Lair:3   | Killed an eight-headed hydra
 19426 | Gauntlet | Entered a Gauntlet
 19426 | Gauntlet | Found a transporter.
 19426 | Gauntlet | Found a transporter.
 19427 | Gauntlet | Found a transporter.
 19430 | Gauntlet | Found a transporter.
 19441 | Gauntlet | Found a transporter.
 19447 | Gauntlet | Found a transporter.
 19449 | Gauntlet | Found a transporter.
 19462 | Gauntlet | Found a transporter.
 19484 | Gauntlet | Found a transporter.
 19509 | Gauntlet | Found a transporter.
 19570 | Gauntlet | Found a transporter.
 19578 | Gauntlet | Found a transporter.
 19579 | Gauntlet | Noticed a blizzard demon
 19668 | Gauntlet | Got a pair of warped boots
 19674 | Gauntlet | Identified the +2 pair of boots of Eqauw {+Blink rPois MR-
                  | Int+4} (You found it in a Gauntlet)
 19760 | Gauntlet | Reached skill level 14 in Polearms
 20358 | Gauntlet | Identified the +6 scale mail of Sorcery {rPois}
 20358 | Gauntlet | Noticed a minotaur
 20371 | Gauntlet | Killed a minotaur
 20376 | Gauntlet | Identified Sif Muna's Handbook of Calling
 20730 | Lair:3   | Got a smoking brass ring
 20737 | Lair:3   | Received a gift from Yredelemnul (a vampire)
 20742 | Lair:3   | Identified the cursed ring of Vera Geu {rPois MR+ Str-2
                  | SInv} (You found it on level 3 of the Lair of Beasts)
 20859 | Lair:3   | Found a staircase to the Swamp.
 20892 | Lair:3   | Reached skill level 10 in Shields
 20913 | Lair:3   | Received a gift from Yredelemnul (4 flying skulls)
 21621 | Lair:4   | Noticed a five-headed hydra
 21635 | Lair:4   | Killed a five-headed hydra
 22445 | Lair:5   | Noticed Rupert
 22460 | Lair:5   | Killed Rupert
 22460 | Lair:5   | Reached XP level 14. HP: 47/116 MP: 20/22
 22662 | Lair:5   | Received a gift from Yredelemnul (a skeletal warrior)
 23470 | Lair:6   | Entered Level 6 of the Lair of Beasts
 23497 | Lair:6   | Received a gift from Yredelemnul (a phantasmal warrior)
 23618 | Lair:6   | Received a gift from Yredelemnul (a phantasmal warrior)
 23649 | Lair:6   | Noticed Nessos
 23656 | Lair:6   | Found a staircase to the Slime Pits.
 23656 | Lair:6   | Found a viscous altar of Jiyva.
 23669 | Lair:6   | Killed Nessos
 23721 | Lair:6   | Received a gift from Yredelemnul (a flayed ghost)
 24968 | D:11     | You fall into a shaft and drop 3 floors!
 25012 | D:14     | Received a gift from Yredelemnul (a flayed ghost)
 25094 | D:12     | Found a glowing golden altar of the Shining One.
 25103 | D:12     | Noticed Frances
 25111 | D:12     | Reached ****** piety under Yredelemnul
 25124 | D:12     | Killed Frances
 25124 | D:12     | Reached XP level 15. HP: 87/125 MP: 10/24
 25643 | D:11     | Received a gift from Yredelemnul (a vampire)
 25664 | D:11     | Received a gift from Yredelemnul (a vampire)
 25852 | D:11     | Noticed Nergalle
 25865 | D:11     | Killed Nergalle
 25865 | D:11     | Enslaved Nergalle
 25898 | D:11     | Received a gift from Yredelemnul (a ghoul)
 25935 | D:11     | Noticed Harold
 25945 | D:11     | Killed Harold
 25945 | D:11     | Enslaved Harold
 26271 | D:13     | Received a gift from Yredelemnul (a phantasmal warrior)
 26381 | D:13     | Found Tynethro's Food Shoppe.
 26805 | D:14     | Received a gift from Yredelemnul (a vampire knight)
 26874 | D:14     | Found a gate to the Vaults.
 27029 | D:14     | Noticed Agnes
 27041 | D:14     | Killed Agnes
 27041 | D:14     | Enslaved Agnes
 27129 | D:14     | Noticed Louise
 27139 | D:14     | Killed Louise
 27139 | D:14     | Enslaved Louise
 27388 | Orc:1    | Entered Level 1 of the Orcish Mines
 27407 | Orc:2    | Entered Level 2 of the Orcish Mines
 27413 | Orc:2    | Received a gift from Yredelemnul (a vampire knight)
 27971 | Orc:2    | Found a staircase to the Elven Halls.
 28047 | Orc:2    | Received a gift from Yredelemnul (a skeletal warrior)
 28173 | Orc:2    | Found an ancient bone altar of Kikubaaqudgha.
 28204 | Orc:2    | Found Keppog's Magic Scroll Shop.
 28220 | Orc:2    | Killed Erolcha
 28224 | Orc:2    | Found a radiant altar of Vehumet.
 28289 | Orc:2    | Found a roughly hewn altar of Beogh.
 28289 | Orc:2    | Found Ownaigur's Gadget Shop.
 28298 | Orc:2    | Found Lomu's Antique Armour Boutique.
 28324 | Orc:2    | Found Jelaobb's Distillery.
 28326 | Orc:2    | Bought a pair of runed boots for 150 gold pieces
 28346 | Orc:2    | Bought a potion of agility for 52 gold pieces
 28346 | Orc:2    | Bought a potion of invisibility for 104 gold pieces
 28650 | Orc:2    | Upgraded the game from 0.25-a0-100-g33052ceff8 to
                  | 0.25-a0-108-gda8bd6cf83
 28841 | D:15     | Entered Level 15 of the Dungeon
 28931 | D:15     | Received a gift from Yredelemnul (a flayed ghost)
 29000 | D:15     | Noticed Azrael
 29042 | D:15     | Killed Azrael
 29147 | D:15     | Found a staircase to the Depths.
 29158 | D:15     | Reached XP level 16. HP: 98/134 MP: 25/25
 29165 | D:15     | Reached skill level 15 in Fighting
 29477 | D:15     | Received a gift from Yredelemnul (a ghoul)
 29799 | D:15     | Found a shadowy altar of Dithmenos.
 30167 | Snake:1  | Entered Level 1 of the Snake Pit
 30388 | Snake:1  | Reached skill level 15 in Shields
 30689 | Snake:1  | Found Ynyicakh's Antique Weapon Boutique.
 30719 | Snake:1  | Reached skill level 10 in Armour
 30719 | Snake:1  | Received a gift from Yredelemnul (a profane servitor)
 32066 | Snake:2  | Received a gift from Yredelemnul (a flayed ghost)
 32664 | Snake:3  | Received a gift from Yredelemnul (a flayed ghost)
 32699 | Snake:3  | Noticed a nagaraja
 32710 | Snake:3  | Reached XP level 17. HP: 122/142 MP: 26/26
 32837 | Snake:3  | Received a gift from Yredelemnul (a bone dragon)
 32941 | Snake:3  | Found a transporter.
 32960 | Snake:3  | Found a transporter.
 33275 | Snake:4  | Entered Level 4 of the Snake Pit
 33367 | Snake:4  | Received a gift from Yredelemnul (a vampire knight)
 33833 | Snake:4  | Received a gift from Yredelemnul (a skeletal warrior)
 33871 | Snake:4  | Reached skill level 15 in Armour
 33872 | Snake:4  | Received a gift from Yredelemnul (a bone dragon)
 33873 | Snake:4  | Reached skill level 15 in Polearms
 33879 | Snake:4  | Received a gift from Yredelemnul (a ghoul)
 33929 | Snake:4  | Got a serpentine rune of Zot
 34519 | Swamp:1  | Entered Level 1 of the Swamp
 34586 | Swamp:1  | Received a gift from Yredelemnul (a flayed ghost)
 34604 | Swamp:1  | Reached skill level 16 in Polearms
 34630 | Swamp:1  | Reached XP level 18. HP: 105/149 MP: 27/27
 35082 | Swamp:1  | Received a gift from Yredelemnul (a vampire knight)
 35168 | Swamp:1  | You fall into a shaft and drop 1 floor!
 35224 | Swamp:2  | Received a gift from Yredelemnul (a skeletal warrior)
 35317 | Swamp:2  | Found a runed translucent door.
 35382 | Swamp:2  | Noticed Nikola
 35399 | Swamp:2  | Killed Nikola
 36246 | Swamp:2  | Reached skill level 17 in Polearms
 37308 | Swamp:3  | Received a gift from Yredelemnul (a flayed ghost)
 37828 | Swamp:4  | Entered Level 4 of the Swamp
 38085 | Swamp:4  | Received a gift from Yredelemnul (a phantasmal warrior)
 38111 | Swamp:4  | Received a gift from Yredelemnul (a skeletal warrior)
 38175 | Swamp:4  | Reached skill level 18 in Polearms
 38247 | Swamp:4  | Got a decaying rune of Zot
 38377 | Swamp:4  | Received a gift from Yredelemnul (a bone dragon)
 38563 | Swamp:4  | Noticed a tentacled monstrosity
 38577 | Swamp:4  | Killed a tentacled monstrosity
 39179 | Elf:1    | Entered Level 1 of the Elven Halls
 39205 | Elf:1    | Received a gift from Yredelemnul (a flayed ghost)
 39219 | Elf:1    | Found a radiant altar of Vehumet.
 39299 | Elf:1    | Received a gift from Yredelemnul (a ghoul)
 39304 | Elf:1    | Reached XP level 19. HP: 92/155 MP: 24/28
 39732 | Elf:1    | Received a gift from Yredelemnul (a phantasmal warrior)
 39880 | Elf:1    | Received a gift from Yredelemnul (a vampire)
 40071 | Elf:1    | Noticed Donald
 40095 | Elf:1    | Received a gift from Yredelemnul (a vampire knight)
 40109 | Elf:1    | Killed Donald
 40437 | Elf:1    | Reached skill level 19 in Polearms
 40527 | Elf:1    | Found Lukidina's Antique Armour Emporium.
 40560 | Elf:1    | Received a gift from Yredelemnul (a ghoul)
 40569 | Elf:1    | Bought a pair of embroidered gloves for 240 gold pieces
 41062 | Elf:2    | Received a gift from Yredelemnul (a ghoul)
 41211 | Elf:2    | Found a runed translucent gate.
 41211 | Elf:2    | Found a runed translucent gate.
 41211 | Elf:2    | Found a runed translucent gate.
 41275 | Elf:2    | Found a ruined gateway.
 41277 | Elf:2    | Found a white marble altar of Elyvilon.
 41277 | Elf:2    | Found a glowing golden altar of the Shining One.
 41277 | Elf:2    | Found a glowing silver altar of Zin.
 41291 | Elf:2    | Received a gift from Yredelemnul (a profane servitor)
 41299 | Desolati | Entered the Desolation of Salt
 41375 | Desolati | HP: 2/158 [saltling (12)]
 41377 | Desolati | Received a gift from Yredelemnul (a skeletal warrior)
 41386 | Desolati | HP: 5/159 [saltling (14)]
 41388 | Desolati | Killed from afar by a servant of whispers

Levels and vault maps discovered:
D:1:      elethiomel_arrival_shortcut, layout_rooms, nrook_loot_triangle
D:2:      layout_loops_corners, first_ration
D:3:      layout_basic, uniq_ijyb, uniq_sigmund
D:4:      layout_loops_ring, lemuel_coloured_pillars_altar,
          lemuel_crystal_altar, uniq_blork_the_orc, uniq_grinder,
          uniq_crazy_yiuf_cottage, uniq_menkaure
D:5:      layout_gridville, minivault_24, uniq_eustachio
D:6:      layout_rooms, grunt_temple_overflow_open
D:7:      layout_basic, minmay_temple_entry_gardened_gates, uniq_prince_ribbit1
D:8:      layout_basic, grunt_temple_overflow_diamond
D:9:      layout_irregular_city, overflow_temple_1_default, uniq_psyche
D:10:     layout_long_grid, erik_lair_dragon, hiddenorc2_lemuel,
          serial_bayou_pond_d
D:11:     layout_roguey, uniq_harold, uniq_nergalle
D:12:     layout_basic, grunt_livestock, tso_metal_star, uniq_frances
D:13:     layout_long_grid, serial_shops, shop
D:14:     layout_cave_pools, david_vaults_2, nrook_campfire, uniq_louise,
          uniq_agnes
D:15:     hangedman_depths_entry_try_elsewhere_first, layout_basic,
          nicolae_dithmenos_shadow_blocks, uniq_azrael
Temple:   dpeg_chambers_temple
Lair:1:   layout_chaotic_city, portal_ice_cave_entry_ice_beasts
Lair:2:   layout_gridlike, dummy_snake_entry, ebering_ghost_reflecting_pool,
          minmay_hedge_maze, nicolae_quartered_pool_super, grunt_megastairs_4
Lair:3:   layout_cave_pods, minmay_swamp_entry_eels, gauntlet_entry_generic
Lair:4:   layout_regular_city, disabler_island
Lair:5:   layout_cave_pods, lemuel_fruit_fields, uniq_rupert
Lair:6:   hangedman_lair_in_review, layout_regular_city, slime_altar_1,
          serial_bayou, serial_bayou_pond_d, serial_bayou_pond_e,
          serial_bayou_lagoon_b, serial_bayou_shore_a, st_stairs_4, uniq_nessos
Swamp:1:  layout_falls_marsh, evilmike_swamp_ruin_house_1, swamp_pool1,
          infiniplex_staircase_pool_2
Swamp:2:  gammafunk_mikee_crab_dinner, layout_basic_swamp,
          nicolae_swamp_treefoil, swamp_pool3, uniq_nikola
Swamp:3:  layout_basic_swamp, evilmike_swamp_ruin_house_3, swamp_pool5,
          roderic_carrion_pond
Swamp:4:  swamp_vile, layout_basic_swamp, grunt_lady_of_the_lake,
          infiniplex_staircase_pool
Snake:1:  layout_honeycomb, serial_shops, shop
Snake:2:  layout_basic
Snake:3:  gammafunk_the_bubble [the_bubble_gammafunk_grid], layout_rooms,
          nicolae_large_snake_swirl, lemuel_fruit_tree
Snake:4:  grunt_snake_rune_serpentine_throne, layout_cave_town,
          nrook_guardian_serpent_ordinary
Orc:1:    layout_diamond_mine
Orc:2:    kennysheep_orc_mage_school, layout_diamond_mine
Elf:1:    eino_elf_arrival_altar, layout_geoelf_diagonals, serial_shops, shop,
          hangedman_corner_corridor, minivault_19, uniq_donald
Elf:2:    layout_geoelf_octagon, portal_desolation_entry_holy_temple,
          special_room [special_room_mythical_zoo]
Desolation

Skill      XL: |  1  2  3  4  5  6  7  8  9 10 11 12 13 14 15 16 17 18 19 |
---------------+----------------------------------------------------------+-----
Armour         | 1 2 4 5 8 13 15 | 15.0
Dodging        | 3 4 |  4.5
Fighting       | 4 5 7 9 11 12 13 14 15 16 | 16.4
Polearms       | 4 6 8 9 11 13 14 16 18 19 | 19.3
Invocations    | 6 9 10 12 13 | 13.0
Shields        | 1 2 4 11 12 14 15 | 15.0
Stealth        | |  2.4

Action                   |  1- 3 |  4- 6 |  7- 9 | 10-12 | 13-15 | 16-18 | 19-21 || total
-------------------------+-------+-------+-------+-------+-------+-------+-------++-------
Melee: Spear             |   139 |   246 |   292 |  1022 |   202 |    27 |       ||  1928
       Trident           |       |       |   376 |       |       |       |       ||   376
       Halberd           |       |       |       |    92 |  1028 |   420 |       ||  1540
       Glaive            |       |       |       |       |       |   746 |   429 ||  1175
Invok: Animate Remains   |       |       |     3 |     5 |       |       |       ||     8
       Injury Mirror     |       |       |     1 |       |       |       |     1 ||     2
       Recall Undead Sla |       |       |       |     2 |     5 |     1 |       ||     8
       Animate Dead      |       |       |       |    14 |    27 |    16 |     3 ||    60
       Drain Life        |       |       |       |     4 |     4 |    10 |     5 ||    23
       Enslave Soul      |       |       |       |       |     4 |       |     1 ||     5
       Stop Recall       |       |       |       |       |     1 |     1 |       ||     2
 Abil: Shaft Self        |       |       |     1 |       |       |       |       ||     1
Evoke: Wand              |       |     3 |     5 |       |       |       |       ||     8
  Use: Potion            |       |     5 |     3 |     2 |       |     1 |     9 ||    20
       Scroll            |       |       |     9 |     2 |    13 |     3 |     6 ||    33
 Stab: Sleeping          |     5 |     6 |     3 |       |       |       |       ||    14
       Distracted        |     1 |       |     2 |    12 |    16 |    23 |     1 ||    55
       Paralysed         |       |       |       |       |     9 |     5 |       ||    14
       Confused          |       |       |       |       |     3 |       |       ||     3
  Eat: Chunk             |     1 |     8 |    12 |    19 |    34 |    15 |     6 ||    95
       Ration            |       |       |     3 |     4 |     5 |     8 |     1 ||    21
Armor: Robe              |    25 |    22 |       |       |       |       |       ||    47
       Ring mail         |       |    31 |   217 |       |       |       |       ||   248
       Chain mail        |       |       |       |   379 |     9 |       |       ||   388
       Plate armour      |       |       |       |       |   371 |   480 |   163 ||  1014
Dodge: Dodged            |    71 |   132 |   410 |   261 |   235 |   366 |   151 ||  1626
Block: Buckler           |       |       |    11 |   213 |    11 |       |       ||   235
       Large shield      |       |       |       |       |   760 |  1086 |   368 ||  2214

Table legend:
 A = Non-vault XP
 B = Vault XP
 C = Vault XP percentage of total XP
 D = Non-vault monster count
 E = Vault monster count
 F = Vault count percentage of total count
                 A         B        C        D         E       F
            +---------+---------+-------+---------+---------+-------
      Total |  193795 |  117449 |  37.7 |     930 |     352 |  27.5
            +---------+---------+-------+---------+---------+-------
        D:1 |      52 |       0 |   0.0 |      26 |       0 |   0.0
        D:2 |      32 |       0 |   0.0 |      21 |       0 |   0.0
        D:3 |      49 |      36 |  42.4 |      22 |       1 |   4.3
        D:4 |     258 |     582 |  69.3 |      12 |       4 |  25.0
        D:5 |     431 |     191 |  30.7 |      29 |       1 |   3.3
        D:6 |     437 |       0 |   0.0 |      12 |       0 |   0.0
        D:7 |    1271 |       0 |   0.0 |      38 |       0 |   0.0
        D:8 |    2202 |       0 |   0.0 |      24 |       0 |   0.0
        D:9 |    2471 |     299 |  10.8 |      26 |       1 |   3.7
       D:10 |    3035 |    1116 |  26.9 |      41 |      37 |  47.4
       D:11 |    4247 |       0 |   0.0 |      46 |       0 |   0.0
       D:12 |    2136 |    2664 |  55.5 |      20 |       6 |  23.1
       D:13 |    4653 |       0 |   0.0 |      27 |       0 |   0.0
       D:14 |    4773 |    1751 |  26.8 |      29 |       3 |   9.4
       D:15 |   11712 |    5090 |  30.3 |      41 |      11 |  21.2
     Temple |      14 |     286 |  95.3 |       1 |       1 |  50.0
     Lair:1 |    3991 |    1044 |  20.7 |      20 |       8 |  28.6
     Lair:2 |    5417 |    1711 |  24.0 |      34 |       7 |  17.1
     Lair:3 |    5145 |     193 |   3.6 |      25 |       5 |  16.7
     Lair:4 |    2917 |    1215 |  29.4 |      15 |       4 |  21.1
     Lair:5 |    3408 |    2136 |  38.5 |      19 |       1 |   5.0
     Lair:6 |    7743 |    8661 |  52.8 |      40 |      25 |  38.5
    Swamp:1 |   12566 |       0 |   0.0 |      43 |       0 |   0.0
    Swamp:2 |    5837 |    9496 |  61.9 |      14 |      13 |  48.1
    Swamp:3 |    6642 |     863 |  11.5 |      21 |      10 |  32.3
    Swamp:4 |   10239 |   12279 |  54.5 |      38 |      30 |  44.1
    Snake:1 |   13038 |       0 |   0.0 |      30 |       0 |   0.0
    Snake:2 |   18439 |       0 |   0.0 |      53 |       0 |   0.0
    Snake:3 |   16660 |       0 |   0.0 |      41 |       0 |   0.0
    Snake:4 |    9373 |   28971 |  75.6 |      24 |      65 |  73.0
      Orc:2 |    3043 |    5439 |  64.1 |      43 |      34 |  44.2
      Elf:1 |   22151 |   11288 |  33.8 |      37 |      16 |  30.2
      Elf:2 |    9413 |    2720 |  22.4 |      18 |       3 |  14.3
      IceCv |       0 |    7908 | 100.0 |       0 |      36 | 100.0
 Desolation |       0 |    6555 | 100.0 |       0 |      14 | 100.0
   Gauntlet |       0 |    4955 | 100.0 |       0 |      16 | 100.0
            +---------+---------+-------+---------+---------+-------
